 Dungeon Crawl Stone Soup version 0.28.0-43-g3370ac3207 (webtiles) character file.

Game seed: 17253252302271261211

98 RascalDebosk the Conjurer (level 4, -12/33 HPs)
             Began as a Draconian Conjurer on Mar 27, 2022.
             Killed by nerve-wracking pain
             ... invoked by Grinder
              (14 damage)
             ... while paralysed by Grinder
             ... on level 4 of the Dungeon.
             The game lasted 00:26:44 (3106 turns).

RascalDebosk the Conjurer (Draconian Conjurer)      Turns: 3106, Time: 00:26:44

Health: -12/33     AC:  5    Str:  9    XL:     4   Next: 43%
Magic:  1/7        EV:  2    Int: 21    God:
Gold:   121        SH:  0    Dex:  9    Spells: 4/7 levels left

rFire   . . .      SeeInvis .   b - +0 dagger
rCold   . . .      Faith    .   (no shield)
rNeg    . . .      Spirit   .   (armour unavailable)
rPois   .          Reflect  .   (helmet restricted)
rElec   .          Harm     .   (no cloak)
rCorr   .          Rampage  .   (no gloves)
Will    .....                   (no boots)
Stlth   ++........              (no amulet)
HPRegen 0.11/turn               (no ring)
MPRegen 0.10/turn               (no ring)

@: paralysed
A: AC +5, unfitting armour, cold-blooded
a: no special abilities


You were on level 4 of the Dungeon.
You visited 1 branch of the dungeon, and saw 4 of its levels.

You collected 121 gold pieces.

Inventory:

Hand Weapons
 b - a +0 dagger (weapon)
Wands
 p - a wand of polymorph (12)
Scrolls
 a - a scroll of magic mapping {unknown}
 c - 2 scrolls of teleportation {unknown}
 e - 2 scrolls of identify {unknown}
 f - a scroll of torment {unknown}
 h - a scroll of blinking {unknown}
 i - 2 scrolls of vulnerability {unknown}
 j - a scroll of enchant weapon {unknown}
 n - 3 scrolls of summoning {unknown}
Potions
 d - a potion of might {unknown}
 g - a potion of haste
 k - a potion of heal wounds {unknown}
 l - a potion of lignification {unknown}
 m - a potion of flight {unknown}
 o - a potion of magic {unknown}


   Skills:
 + Level 2.4 Dodging
 - Level 1.7 Stealth
 + Level 2.4 Spellcasting
 + Level 4.3 Conjurations
 + Level 1.3 Hexes
 + Level 1.3 Translocations
 + Level 1.4 Evocations


You had 4 spell levels left.
You knew the following spells:

 Your Spells              Type           Power      Damage    Failure   Level
a - Magic Dart            Conj           80%        1d7       2%          1
b - Searing Ray           Conj           40%        2d5       3%          2

Your spell library contained the following spells:

 Spells                   Type           Power      Damage    Failure   Level
 Foxfire                  Conj/Fire      44%        2x1d6     6%          1
 Dazzling Flash           Conj/Hex       28%        N/A       13%         3
 Conjure Flame            Conj/Fire      11%        6-21      17%         3
 Inner Flame              Hex/Fire       5%         N/A       32%         3
 Frozen Ramparts          Ice            4%         1d2       38%         3
 Fulminant Prism          Conj/Hex       7%         3d7       41%         4
 Iskenderun's Mystic Bla  Conj/Tloc      14%        2d5       41%         4
 Flame Wave               Conj/Fire      11%        2d5       50%         4
 Ice Form                 Ice/Tmut       2%         N/A       80%         4
 Summon Ice Beast         Ice/Summ       2%         N/A       80%         4


Dungeon Overview and Level Annotations

Branches:
Dungeon (4/15)
 Temple: D:4-7

Altars:

Annotations:
D:4 Grinder


Innate Abilities, Weirdness & Mutations

Your plain brown scales are hard. (AC +5)
You cannot fit into any form of body armour.
You are cold-blooded and may be slowed by cold attacks.


Message History

The searing ray hits Grinder.
Grinder is heavily wounded. (Press . to maintain the ray.)
The searing ray hits Grinder.
Grinder is severely wounded.
Grinder closely misses you.
Aiming: Magic Dart (safe; 2% risk of failure)
Press: ? - help, Q - select action, (/) - cycle Shift-Dir - straight line, f/p - Grinder
Aim: Grinder (severely wounded, fast, 100% to hit)
The magic dart hits Grinder.
Grinder is severely wounded.
Grinder misses you. Grinder barely misses you.
You barely miss Grinder.
Grinder is severely wounded.
Grinder hits you!
You writhe in agony.
You closely miss Grinder.
Your tail-slap misses Grinder.
Grinder is severely wounded.
Grinder gestures at you. Pain shoots through your body!
Grinder says, "My boss said I was rubbish.
His entrails said otherwise."
Grinder closely misses you.
You closely miss Grinder.
Your tail-slap misses Grinder.
Grinder is severely wounded.
Grinder hits you!
You closely miss Grinder.
Your tail-slap misses Grinder.
Grinder is severely wounded.
Grinder hits you.
* * * LOW HITPOINT WARNING * * *
Grinder hits you.
* * * LOW HITPOINT WARNING * * *
You writhe in agony.
* * * LOW HITPOINT WARNING * * *
You closely miss Grinder.
Your tail-slap misses Grinder.
Grinder is severely wounded.
Grinder gestures at you.
You suddenly lose the ability to move!
Grinder says, "Don't move a muscle."
Grinder gestures at you. Pain shoots through your body!
You die...

.. .# . .#
# .##.#
#.....#
#.#...####
#........
#.#...#
#..@5.#
###.###
#.# #.###
#.#.# ####
#.#.# #...
#.#.#
###.##
#.#[#
#.....
#...##
###...##


You could see Grinder (fast).

Vanquished Creatures
  2 adders
  A white imp (D:3)
  A worm (D:2)
  4 orcs (D:3)
  6 bats
  5 endoplasms
  3 giant cockroaches
  7 goblins
  4 hobgoblins
  4 jackals
  2 quokkas
  5 ball pythons
  4 frilled lizards
  6 kobolds
  6 rats
60 creatures vanquished.

Notes
Turn   | Place    | Note
-------+----------+-------------------------------------------
     0 | D:1      | RascalDebosk the Draconian Conjurer began the quest for the
                  | Orb.
     0 | D:1      | Reached XP level 1. HP: 14/14 MP: 3/3
   269 | D:1      | Reached XP level 2. HP: 20/20 MP: 0/5
   368 | D:1      | Learned a level 2 spell: Searing Ray
   435 | D:1      | Found a faded altar of an unknown god.
   806 | D:2      | Reached XP level 3. HP: 21/26 MP: 0/6
  1053 | D:2      | Reached skill level 1 in Translocations
  1159 | D:2      | Reached skill level 1 in Evocations
  1299 | D:2      | Reached skill level 1 in Hexes
  2172 | D:3      | Reached XP level 4. HP: 33/33 MP: 4/7
  3094 | D:4      | Noticed Grinder
  3105 | D:4      | Paralysed by Grinder for 3 turns
  3106 | D:4      | Killed from afar by Grinder

Illustrated notes

Levels and vault maps discovered:
D:1:      minmay_arrival_widening_spiral_wide, layout_rooms,
          shapermc_ecumenical_altar_pompeii
D:2:      minmay_chambers_of_ones, layout_rooms, minmay_3d_cube
D:3:      layout_loops_cross, minmay_misc_feat_roman
D:4:      layout_loops_corners, tso_altar, serial_shops, nicolae_shop_crystal,
          minmay_liquid_box, kennysheep_generic_room_8, uniq_eustachio,
          uniq_grinder, uniq_edmund

Skill      XL: |  1  2  3 |
---------------+----------+-----
Dodging        | 2 |  2.4
Translocations | 1 |  1.3
Evocations     | 1 |  1.4
Hexes          | 1 |  1.3
Stealth        | |  1.7
Spellcasting   | |  2.4
Conjurations   | |  4.3

Action                   |  1- 3 |  4- 6 || total
-------------------------+-------+-------++-------
Melee: Dagger            |    41 |    20 ||    61
       Tailslap          |     3 |     1 ||     4
       Punch             |     1 |     2 ||     3
 Cast: Magic Dart        |    91 |    25 ||   116
       Searing Ray       |     1 |     6 ||     7
Evoke: Wand              |       |     1 ||     1
Armor: Skin              |    13 |     8 ||    21
Dodge: Dodged            |    39 |    17 ||    56
